 Dungeon Crawl Stone Soup version 0.22.1-1-ga44c0e5 (webtiles) character file.

51 Lauz the Slasher (level 3, 0/30 HPs)
             Began as a Draconian Warper on Nov 2, 2018.
             Slain by an adder (3 damage)
             ... on level 2 of the Dungeon.
             The game lasted 00:05:58 (916 turns).

Lauz the Slasher (Draconian Warper)                  Turns: 916, Time: 00:05:58

Health: 0/30       AC:  5    Str: 13    XL:     3   Next: 58%
Magic:  3/7        EV: 12    Int: 14    God:
Gold:   61         SH:  0    Dex: 10    Spells: 5/7 levels left

rFire    . . .     SeeInvis .   a - +0 falchion
rCold    . . .     Gourm    .   (no shield)
rNeg     . . .     Faith    .   (armour unavailable)
rPois    .         Spirit   .   (helmet restricted)
rElec    .         Reflect  .   (no cloak)
rCorr    .         Harm     .   (no gloves)
MR       .....                  (no boots)
Stlth    +.........             (no amulet)
HPRegen  0.10/turn              (no ring)
MPRegen  0.10/turn              (no ring)

@: lethally poisoned (0 -> -3)
A: unfitting armour, cold-blooded, AC +5
a: no special abilities


You were on level 2 of the Dungeon.
You were hungry.

You visited 1 branch of the dungeon, and saw 2 of its levels.

You collected 61 gold pieces.

Inventory:

Hand Weapons
 a - a +0 falchion (weapon)
Missiles
 d - 5 tomahawks of dispersal (quivered)
Scrolls
 b - a scroll of remove curse {unknown}
 c - a scroll of blinking
 e - a scroll of amnesia {unknown}
 g - a scroll of magic mapping {unknown}
Potions
 i - a potion of degeneration {unknown}
Comestibles
 f - 3 rations


   Skills:
 + Level 2.6 Fighting
 * Level 3.2 Long Blades
 - Level 0.8 Throwing
 - Level 2.1 Dodging
 + Level 2.7 Spellcasting
 + Level 3.0 Translocations


You had 5 spell levels left.
You knew the following spells:

 Your Spells              Type           Power        Failure   Level  Hunger
a - Shroud of Golubria    Chrm/Tloc      #.........   19%         2    ###....

Your spell library contained the following spells:

 Spells                   Type           Power        Failure   Level  Hunger
 Blink                    Tloc           N/A          10%         2    ###....
 Gell's Gravitas          Tloc           ##........   19%         3    ###....
 Lesser Beckoning         Tloc           ##........   19%         3    ###....
 Teleport Other           Tloc           ##......     19%         3    ###....
 Passage of Golubria      Tloc           N/A          54%         4    #####..


Dungeon Overview and Level Annotations

Branches:
Dungeon (2/15)

Altars:


Innate Abilities, Weirdness & Mutations

Your plain brown scales are hard. (AC +5)
You cannot fit into any form of body armour.
You are cold-blooded and may be slowed by cold attacks.


Message History

The adder bites you.
* * * LOW HITPOINT WARNING * * *
You hit the adder.
The adder is heavily wounded.
* * * LOW HITPOINT WARNING * * *
You feel sick. The adder bites you.
* * * LOW HITPOINT WARNING * * *
You hit the adder.
The adder is almost dead.
* * * LOW HITPOINT WARNING * * *
You feel sick. The adder closely misses you. The adder barely misses you.
You closely miss the adder.
Your tail-slap misses the adder.
The adder is almost dead.
The adder closely misses you.
You closely miss the adder.
You tail-slap the adder, but do no damage.
The adder is almost dead.
* * * LOW HITPOINT WARNING * * *
You feel sick. The adder bites you.
You die...

. .. ... #####
....#...##
.........##########
......†...##......##
......)@..#........##
......†)S...........#
....................#
......(.##..........#
.#...#####..........#
#.#..####.....<....#
.... ........<.....##
.#.# ####..........##
#...........###


You could see an adder.

Vanquished Creatures
  An ooze (D:1)
  2 dart slugs (D:1)
  2 ball pythons (D:1)
  5 giant cockroaches (D:1)
  5 goblins
  5 hobgoblins
  6 jackals
  2 quokkas (D:2)
  3 bats (D:1)
  2 frilled lizards
  4 kobolds
  A rat (D:1)
38 creatures vanquished.

Notes
Turn   | Place    | Note
-------+----------+-------------------------------------------
     0 | D:1      | Lauz the Draconian Warper began the quest for the Orb.
     0 | D:1      | Reached XP level 1. HP: 17/17 MP: 3/3
   189 | D:1      | Reached XP level 2. HP: 24/24 MP: 5/5
   434 | D:1      | Reached XP level 3. HP: 21/30 MP: 7/7
   667 | D:1      | Learned a level 2 spell: Shroud of Golubria
   908 | D:2      | HP: 1/30 [poisoned by an adder]
   916 | D:2      | Slain by an adder

Skill      XL: |  1  2  3 |
---------------+----------+-----
Long Blades    | 3 |  3.2
Fighting       | |  2.6
Throwing       | |  0.8
Dodging        | |  2.1
Spellcasting   | |  2.7
Translocations | |  3.0

Action                   || total
-------------------------++-------
Melee: Falchion          ||   109
       Tailslap          ||    14
 Cast: Shroud of Golubri ||     4
  Use: Potion            ||     1
Armor: Skin              ||    58
Dodge: Dodged            ||   111
       Rpst.: Falchion   ||    39
